 Dungeon Crawl Stone Soup version 0.31.0-9-g3a7656b989 (webtiles) character file.

Game seed: 2795233352557988633

124267 sasquatch the Severer (level 16, 0/183 HPs)
             Began as a Demonspawn Berserker on Jan 25, 2024.
             Was a High Priest of Trog.
             Shot with a bolt by a naga sharpshooter (23 damage)
             ... on level 4 of the Snake Pit.
             The game lasted 00:39:56 (20385 turns).

sasquatch the Severer (Demonspawn Berserker)       Turns: 20385, Time: 00:39:56

Health: 0/183      AC: 27    Str: 29    XL:     16   Next: 38%
Magic:  5/5        EV: 10    Int: 15    God:    Trog [*****.]
Gold:   1607       SH: 14    Dex: 12    Spells: 15/15 levels left

rFire   . . .        a - +5 broad axe "Wiasm" {antimagic, Fly rElec rCorr Int+3}
rCold   . . .        J - +2 kite shield {AC+3}
rNeg    . . .        Z - +0 scale mail {rPois}
rPois   +            L - +2 hat {SInv}
rElec   +            D - +1 cloak of Rydwi {Int+4}
rCorr   +            k - +1 pair of gloves {Str+3}
SInv    +            (no boots)
Will    +....        n - amulet of regeneration Stlth
                     K - +4 ring of protection
HPRegen 1.30/turn    O - +4 ring of slaying
MPRegen 0.09/turn

%: no passive effects
@: berserking, flying, very quick
A: horns 2, yellow scales 2, ignite blood 2, spiny 1
a: Renounce Religion, Berserk, Trog's Hand, Brothers in Arms


You were on level 4 of the Snake Pit.
You worshipped Trog.
Trog was extremely pleased with you.
You visited 4 branches of the dungeon, and saw 21 of its levels.
You also visited: Volcano.

You collected 2506 gold pieces.
You spent 899 gold pieces at shops.

Inventory:

Hand Weapons
 a - the +5 broad axe "Wiasm" (weapon) {antimagic, Fly rElec rCorr Int+3}
   (You acquired it on level 5 of the Dungeon)

   Int+3:     It affects your intelligence (+3).
   rElec:     It insulates you from electricity.
   Fly:       It grants you flight.
   rCorr:     It protects you from acid and corrosion.
 b - a +0 war axe of flaming
 w - a +9 heavy broad axe
Missiles
 E - a throwing net (quivered)
 U - 2 curare-tipped darts
Armour
 k - a +1 pair of gloves of strength (worn)
 r - a +2 tower shield
 D - the +1 cloak of Rydwi (worn) {Int+4}
   (You found it on level 4 of the Dungeon)

   Int+4:     It affects your intelligence (+4).
 J - a +2 kite shield of protection (worn)
 L - a +2 hat of see invisible (worn)
 Z - a +0 scale mail of poison resistance (worn)
Jewellery
 n - an amulet of regeneration (around neck)
 v - a ring of ice
 K - a +4 ring of protection (left hand)
 M - a ring of protection from fire
 O - a +4 ring of slaying (right hand)
 Y - a ring of resist corrosion
Wands
 d - a wand of polymorph (12)
 x - a wand of charming (8)
 y - a wand of iceblast (13)
 T - a wand of light (4)
 X - a wand of mindburst (5)
Scrolls
 c - 4 scrolls of revelation
 f - 2 scrolls of summoning
 g - 2 scrolls of noise {unknown}
 h - 12 scrolls of teleportation
 i - 3 scrolls of vulnerability
 l - 2 scrolls of enchant armour {unknown}
 s - 3 scrolls of immolation {unknown}
 t - 2 scrolls of fog
 u - 2 scrolls of blinking
 A - a scroll of brand weapon {unknown}
 B - 5 scrolls of fear
Potions
 e - a potion of ambrosia {unknown}
 j - 8 potions of heal wounds
 m - 2 potions of lignification
 o - a potion of cancellation
 p - 2 potions of berserk rage
 q - 7 potions of haste
 z - 6 potions of might
 F - 5 potions of curing
 G - a potion of resistance
 H - a potion of attraction
 I - a potion of magic
 P - 2 potions of invisibility
 V - 2 potions of enlightenment {unknown}
Miscellaneous
 S - a condenser vane
 W - a phial of floods


   Skills:
 - Level 10.0 Fighting
 - Level 18.0 Axes
 - Level 14.0 Armour
 - Level 1.7 Dodging
 + Level 13.3 Shields
 - Level 10.0 Evocations


You had 15 spell levels left.
You didn't know any spells.
Your spell library was empty.

Dungeon Overview and Level Annotations

Branches:
Dungeon (10/15)            Temple (0/1) D:5            Lair (5/5) D:10
 Shoals (0/4) Lair:3        Snake (4/4) Lair:2        Slime (0/5) Lair:4
    Orc (2/2) D:9             Elf (0/3) Orc:2       Volcano (visited)

Altars:
Ashenzari
Cheibriados
Dithmenos
Kikubaaqudgha
Okawaru
Ru
Sif Muna
Trog
Wu Jian
Jiyva

Shops:
D:5 *   D:10 (   Orc:2 [!:(

Annotations:
Lair:1 exclusion: oklob plant
Lair:2 2 exclusions
Lair:5 exclusion: obsidian statue


Innate Abilities, Weirdness & Mutations

You have a pair of horns on your head.
You are mostly covered in yellow scales. (AC +3)
Your demonic aura often causes spilled blood to erupt in flames.
You are partially covered in sharp spines.


Message History

The salamander mystic's magic leaks into the air.
The salamander mystic is severely wounded.
The naga sharpshooter mumbles some strange words.
The naga sharpshooter magically shoots a bolt.
The bolt hits you.
Unknown command.
A red film seems to cover your vision as you go berserk!
You feel yourself moving faster!
You feel mighty!
The naga sharpshooter gestures wildly while chanting.
The naga sharpshooter magically shoots a bolt.
You block the bolt.
The naga sharpshooter shoots a bolt.
The bolt hits you!
You block the salamander mystic's attack.
The naga sharpshooter shoots a bolt.
The bolt hits you.
You hit the salamander mystic.
The salamander mystic's magic leaks into the air.
You headbutt the salamander mystic!
You kill the salamander mystic!
Trog accepts your kill.
Trog appreciates your killing of a magic user.
The naga sharpshooter shoots a bolt.
The bolt hits you but does no damage.
A naga mage comes into view. It is wielding a +0 hand axe.
Unknown command.
The naga sharpshooter shoots a bolt.
The bolt hits you!!
* * * LOW HITPOINT WARNING * * *
The naga sharpshooter shoots a bolt.
You block the bolt.
Unknown command.
You slice the naga sharpshooter!!
The naga sharpshooter's magic leaks into the air.
The naga sharpshooter is heavily wounded.
The naga sharpshooter is engulfed in blazing flames.
The naga sharpshooter shoots a bolt.
The bolt hits you!!
* * * LOW HITPOINT WARNING * * *
Unknown command.
You slash the naga sharpshooter!
The naga sharpshooter's magic leaks into the air.
The naga sharpshooter is severely wounded.
The naga sharpshooter is engulfed in blazing flames.
The naga sharpshooter shoots a bolt.
The bolt hits you but does no damage.
The naga sharpshooter shoots a bolt.
The bolt hits you!!
You die...

....#..#....##.#....#......#..'..
....#.##.....###....#'######..##.
....#.#.....###................#.
....#)).....#.##..............##.
....#)#.....#..#..............#..
##.##)#######.##...........(..#<.
.###))........#.☼°............#..
.......)......##§)............#..
.))).........).#@☼............##.
..)..........))§N..............#.
.).....÷......)#################.
.............)..)................
.................)...............
...........N...)))...............
...........N...)))...............
.................................
###)..##N..############..........


You could see 2 naga sharpshooters and a naga mage.

Vanquished Creatures
  Nikola (Snake:1)
  Jorgrun (Snake:1)
  Mlioglotl (Snake:1)
  Gastronok (Lair:3)
  Aizul (Snake:1)
  Kirke (Lair:5)
  4 nagarajas
  2 dire elephants (Lair:5)
  An ettin (Orc:2)
  The ghost of champdelmundo the Thrower, a journeyman MiFi of Okawaru (Lair:2)
  3 hydras
  5 ogre magi
  A salamander tyrant (Snake:4)
  9 anacondas
  22 naga warriors
  16 two-headed ogres
  2 boulder beetles
  9 death yaks (Lair:5)
  8 naga sharpshooters
  2 shock serpents (Snake:4)
  A skyshark (Lair:5)
  A hell knight (Volcano)
  2 salamander mystics
  A spectral anaconda (Lair:5)
  9 mana vipers
  2 lindwurms
  3 naga ritualists
  An orc knight (Orc:1)
  3 necromancers (Lair:5)
  An orc sorcerer (Orc:2)
  11 salamanders
  A dire elephant zombie (Lair:5)
  4 elephants (Lair:5)
  3 guardian serpents
  30 black mambas
  2 kobold blastminers (Orc:1)
  2 molten gargoyles (Volcano)
  Joseph (D:10)
  23 naga magi
  3 rime drakes
  7 cane toads
  5 komodo dragons
  2 trolls
  3 merfolk (Lair:3)
  A hornet (D:8)
  The ghost of MiniGinger the Insei, an amateur GnSh of Yredelemnul (D:4)
  18 blink frogs
  A shadow (D:10)
  3 wyverns
  A warg (Orc:1)
  3 hogs (Lair:5)
  26 yaks
  A human (Lair:5)
  A basilisk (Lair:2)
  2 fire bats (Volcano)
  A steam dragon (D:8)
  A death yak simulacrum (Lair:5)
  2 vampire mosquitoes (D:9)
  40 nagas
  An acid dragon (D:5)
  10 orc warriors
  8 water moccasins
  3 sky beasts
  Duvessa (D:5)
  2 ice beasts
  2 black bears
  An elephant zombie (Lair:5)
  29 ogres
  3 wolves (Lair:3)
  4 centaurs
  2 kobold brigands
  10 bullfrogs
  Blork the orc (D:5)
  2 wyvern zombies (D:7)
  2 cane toad simulacra (Lair:5)
  2 scorpions
  9 wights (D:7)
  2 burial acolytes (D:7)
  Dowan (D:5)
  3 killer bees (D:9)
  A howler monkey (D:7)
  An electric eel (D:6)
  2 bullfrog zombies (D:7)
  5 lava snakes (Volcano)
  A human zombie (D:7)
  12 orc priests
  A bombardier beetle (D:8)
  A centaur skeleton (D:7)
  3 jellies
  5 gnoll boudas
  3 hounds
  2 sleepcaps
  Crazy Yiuf (D:3)
  A bullfrog skeleton (D:7)
  Jessica (D:2)
  5 iguanas
  Ijyb (D:3)
  26 orc wizards
  6 hell rats (Lair:4)
  2 killer bee zombies (D:7)
  Robin (D:2)
  14 gnolls
  6 adders
  3 shadow imps
  2 white imps
  2 ufetubi (D:6)
  3 ribbon worms
  5 dart slugs
  67 orcs
  9 ball pythons
  6 bats
  7 endoplasms
  A giant cockroach (D:4)
  10 goblins
  10 hobgoblins
  2 jackals (D:1)
  11 kobolds
  4 frilled lizards
  2 rats
657 creatures vanquished.

Vanquished Creatures (collateral kills)
  2 yaks (Lair:2)
  A basilisk (Lair:2)
3 creatures vanquished.

Vanquished Creatures (others)
  A black mamba (Snake:3)
  A gnoll (D:6)
2 creatures vanquished.

Grand Total: 662 creatures vanquished

Notes
Turn   | Place    | Note
-------+----------+-------------------------------------------
     0 | D:1      | sasquatch the Demonspawn Berserker began the quest for the
                  | Orb.
     0 | D:1      | Reached XP level 1. HP: 18/18 MP: 1/1
   350 | D:1      | Reached skill level 3 in Axes
   444 | D:1      | Gained mutation: Your demonic aura sometimes causes spilled
                  | blood to erupt in flames. [demonic ancestry]
   444 | D:1      | Reached XP level 2. HP: 24/24 MP: 2/2
   615 | D:1      | Found a faded altar of an unknown god.
   853 | D:1      | You fall into a shaft and drop 1 floor!
  1048 | D:2      | Reached XP level 3. HP: 18/29 MP: 3/3
  1748 | D:2      | Noticed Robin
  1760 | D:2      | Reached skill level 4 in Axes
  1760 | D:2      | Gained mutation: You are partially covered in sharp spines.
                  | [demonic ancestry]
  1760 | D:2      | Reached XP level 4. HP: 37/37 MP: 4/4
  1765 | D:2      | Killed Robin
  1785 | D:2      | Noticed Jessica
  1787 | D:2      | Killed Jessica
  1817 | D:2      | Reached ** piety under Trog
  2372 | D:3      | Found a shimmering blue altar of Sif Muna.
  2580 | D:3      | Gained mutation: You are partially covered in yellow
                  | scales. (AC +2) [demonic ancestry]
  2580 | D:3      | Reached XP level 5. HP: 42/42 MP: 5/5
  2700 | D:3      | Noticed Ijyb
  2709 | D:3      | Killed Ijyb
  2841 | D:3      | Found a runed translucent door.
  2842 | D:3      | Noticed Crazy Yiuf
  3054 | D:3      | Killed Crazy Yiuf
  3055 | D:3      | Reached skill level 5 in Axes
  3169 | D:4      | Noticed a centaur
  3176 | D:4      | Killed a centaur
  3177 | D:4      | Reached XP level 6. HP: 42/49 MP: 6/6
  3324 | D:4      | Found a runed translucent gate.
  3324 | D:4      | Noticed MiniGinger's ghost (amateur GnSh)
  3324 | D:4      | Identified the +11 spear of Sujireb {flame, *Noise rPois
                  | rC+ Dex+3}
  3366 | D:4      | Found a runed translucent gate.
  3367 | D:4      | Found a runed translucent gate.
  3380 | D:4      | Reached skill level 5 in Fighting
  3537 | D:4      | Reached *** piety under Trog
  3541 | D:4      | Reached skill level 6 in Axes
  3662 | D:4      | Identified the +1 cloak of Rydwi {Int+4}
  3845 | D:4      | Killed MiniGinger's ghost
  3846 | D:4      | Gained mutation: You have a pair of small horns on your
                  | head. [demonic ancestry]
  3846 | D:4      | Reached XP level 7. HP: 56/56 MP: 7/7
  3915 | D:5      | Entered Level 5 of the Dungeon
  3915 | D:5      | Found Eraracog's General Store.
  3923 | D:5      | Bought a scroll of identify for 22 gold pieces
  3923 | D:5      | Identified 2 scrolls of acquirement
  3929 | D:5      | Acquired a manual of Axes
  3931 | D:5      | Acquired the +5 broad axe "Wiasm" {antimagic, Fly rElec
                  | rCorr Int+3}
  4155 | D:5      | Found a staircase to the Ecumenical Temple.
  4202 | D:5      | Noticed Blork the orc
  4207 | D:5      | Killed Blork the orc
  4208 | D:5      | Reached skill level 7 in Axes
  4348 | D:5      | Noticed Dowan
  4349 | D:5      | Noticed Duvessa
  4355 | D:5      | Killed Dowan
  4362 | D:5      | Killed Duvessa
  4476 | D:5      | Found a bloodstained altar of Trog.
  4642 | D:5      | Reached skill level 8 in Axes
  4676 | D:5      | Gained mutation: Your demonic aura often causes spilled
                  | blood to erupt in flames. [demonic ancestry]
  4676 | D:5      | Reached XP level 8. HP: 62/64 MP: 5/8
  5010 | D:6      | Reached skill level 9 in Axes
  5352 | D:6      | Reached skill level 10 in Axes
  5557 | D:6      | Found an iron altar of Okawaru.
  5810 | D:7      | Reached **** piety under Trog
  5811 | D:7      | Reached skill level 11 in Axes
  5822 | D:7      | Reached XP level 9. HP: 32/72 MP: 3/9
  5993 | D:7      | Reached skill level 12 in Axes
  6210 | D:7      | Reached skill level 13 in Axes
  6370 | D:7      | Found an ancient bone altar of Kikubaaqudgha.
  6408 | D:7      | Reached ***** piety under Trog
  6523 | D:7      | Received a gift from Trog
  6826 | D:8      | Reached XP level 10. HP: 64/82 MP: 3/10
  7094 | D:8      | Noticed a boulder beetle
  7399 | D:8      | Found a snail-covered altar of Cheibriados.
  7600 | D:9      | Reached skill level 14 in Axes
  8028 | D:9      | Found a shadowy altar of Dithmenos.
  8139 | D:9      | Found a broken altar of Ashenzari.
  8209 | D:9      | Found a staircase to the Orcish Mines.
  8250 | D:10     | Entered Level 10 of the Dungeon
  8290 | D:10     | Found a staircase to the Lair.
  8305 | D:10     | Killed a boulder beetle
  8306 | D:10     | Reached skill level 10 in Fighting
  8385 | D:10     | Found Pigrah's Antique Weapon Shoppe.
  8397 | D:10     | Found an ornate altar of the Wu Jian Council.
  8419 | D:10     | Identified the +0 pair of gloves of the Burnt God {rElec
                  | Str-2 Dex+3 SInv}
  8433 | D:10     | Noticed Joseph
  8442 | D:10     | Killed Joseph
  8654 | D:10     | Found a sacrificial altar of Ru.
  8716 | D:10     | Reached skill level 15 in Axes
  8909 | Lair:1   | Entered Level 1 of the Lair of Beasts
  8927 | Lair:1   | Reached XP level 11. HP: 50/90 MP: 3/11
  9017 | Lair:1   | Noticed an oklob plant
  9145 | Lair:1   | You are sucked into a shaft and drop 1 floor!
  9327 | Lair:2   | Found a runed translucent door.
  9329 | Lair:2   | Noticed champdelmundo's ghost (journeyman MiFi)
  9350 | Lair:2   | Killed champdelmundo's ghost
  9351 | Lair:2   | Reached skill level 16 in Axes
  9351 | Lair:2   | Reached skill level 5 in Armour
  9511 | Lair:2   | Found a staircase to the Snake Pit.
  9693 | Lair:2   | Noticed a four-headed hydra
  9699 | Lair:2   | Killed a two-headed hydra
 10025 | Lair:3   | Noticed an eight-headed hydra
 10031 | Lair:3   | Killed a six-headed hydra
 10032 | Lair:3   | Reached XP level 12. HP: 86/97 MP: 4/12
 10191 | Lair:3   | Noticed Gastronok
 10201 | Lair:3   | Killed Gastronok
 10202 | Lair:3   | Reached skill level 17 in Axes
 10721 | Lair:3   | Found a staircase to the Shoals.
 11048 | Lair:4   | Found a staircase to the Slime Pits.
 11048 | Lair:4   | Found a viscous altar of Jiyva.
 11078 | Lair:4   | Identified the +6 hand axe of Insufficient Pleasure {drain,
                  | rCorr Str+4 Int-4 Stlth+}
 11379 | Lair:4   | Noticed a five-headed hydra
 11385 | Lair:4   | Killed a three-headed hydra
 11386 | Lair:4   | Reached skill level 18 in Axes
 11704 | Lair:5   | Entered Level 5 of the Lair of Beasts
 11770 | Lair:5   | Noticed a dire elephant
 11770 | Lair:5   | Noticed a dire elephant
 11854 | Lair:5   | Gained mutation: You have a pair of horns on your head.
                  | [demonic ancestry]
 11854 | Lair:5   | Reached XP level 13. HP: 103/103 MP: 4/13
 11934 | Lair:5   | Reached skill level 10 in Armour
 11934 | Lair:5   | Reached skill level 1 in Evocations
 12044 | Lair:5   | Reached skill level 5 in Evocations
 12138 | Lair:5   | Noticed Kirke
 12147 | Lair:5   | Killed Kirke
 12690 | Lair:5   | Killed a dire elephant
 12775 | Lair:5   | Killed a dire elephant
 12808 | Lair:5   | Identified the +5 glaive of Responsibility {pain, Str+2}
 12938 | Lair:5   | Identified the amulet of Tafula {Will- Regen+ Dex+6 SInv
                  | Stlth+}
 13160 | Orc:1    | Entered Level 1 of the Orcish Mines
 13329 | Orc:2    | Entered Level 2 of the Orcish Mines
 13332 | Orc:2    | Noticed an ettin
 13346 | Orc:2    | Killed an ettin
 13458 | Orc:2    | Found a dark tunnel.
 13490 | Orc:2    | Found a staircase to the Elven Halls.
 13502 | Volcano  | Entered a volcano
 13754 | Volcano  | Found a bloodstained altar of Trog.
 13763 | Volcano  | Reached skill level 10 in Evocations
 13765 | Volcano  | Gained mutation: You are mostly covered in yellow scales.
                  | (AC +3) [demonic ancestry]
 13765 | Volcano  | Reached XP level 14. HP: 110/110 MP: 4/14
 14286 | Orc:2    | Reached ****** piety under Trog
 14294 | Orc:2    | Found Tyikus Ablal's Armour Emporium.
 14294 | Orc:2    | Found Bass's Book Shop.
 14299 | Orc:2    | Found Qofupp's Distillery.
 14299 | Orc:2    | Found Onischuw's Weapon Shoppe.
 14302 | Orc:2    | Received a gift from Trog
 14309 | Orc:2    | Paralysed by something for 3 turns
 14708 | Orc:2    | Bought a +2 tower shield for 231 gold pieces
 14708 | Orc:2    | Bought a +2 hat of see invisible for 294 gold pieces
 14711 | Orc:2    | Bought a potion of curing for 45 gold pieces
 14711 | Orc:2    | Bought a potion of curing for 45 gold pieces
 14711 | Orc:2    | Bought a potion of resistance for 150 gold pieces
 15063 | Orc:1    | Reached skill level 1 in Shields
 15328 | Orc:2    | Bought a +0 scale mail of poison resistance for 112 gold
                  | pieces
 15467 | Snake:1  | Entered Level 1 of the Snake Pit
 15751 | Snake:1  | Noticed Nikola
 15763 | Snake:1  | Killed Nikola
 15763 | Snake:1  | Received a gift from Trog
 15991 | Snake:1  | Identified the serpent talisman of Panentheism {rElec Will+
                  | Str+3 SInv}
 15991 | Snake:1  | Noticed Aizul
 16008 | Snake:1  | Killed Aizul
 16056 | Snake:1  | You are sucked into a shaft and drop 1 floor!
 16217 | Snake:2  | Noticed a nagaraja
 16227 | Snake:2  | Killed a nagaraja
 16357 | Snake:1  | Reached XP level 15. HP: 115/115 MP: 5/15
 16389 | Snake:1  | Noticed Jorgrun
 16398 | Snake:1  | Killed Jorgrun
 16423 | Snake:1  | Identified the +6 long sword "Buconlog" {pain, Str+4}
 16445 | Snake:1  | Reached skill level 5 in Shields
 16552 | Snake:1  | Noticed Mlioglotl
 16564 | Snake:1  | Killed Mlioglotl
 16990 | Snake:2  | Identified the +10 bardiche "Ytriky" {drain, rC+ Str+3
                  | Dex+3}
 18215 | Snake:3  | Received a gift from Trog
 18682 | Snake:4  | Entered Level 4 of the Snake Pit
 18912 | Snake:4  | Reached skill level 10 in Shields
 19351 | Snake:4  | Received a gift from Trog
 19352 | Snake:4  | Reached XP level 16. HP: 122/122 MP: 5/16
 20385 | Snake:4  | Shot with a bolt by a naga sharpshooter

Illustrated notes

Levels and vault maps discovered:
D:1:      dpeg_arrival_rhombus, layout_basic,
          shapermc_ecumenical_altar_rom_forum, patterned_corridor
D:2:      layout_loops_corners, serial_aquarium, aquarium_bridge_island_small
          [aquarium_subvault_small_open, aquarium_subvault_window,
          aquarium_subvault_bridge, aquarium_subvault_bridge,
          aquarium_subvault_wall], aquarium_bridge_straight
          [aquarium_subvault_bridge, aquarium_subvault_wall,
          aquarium_subvault_bridge, aquarium_subvault_wall],
          aquarium_window_fake, aquarium_window_fake, aquarium_window_fake,
          aquarium_view_2d, aquarium_balcony_1b, aquarium_pool_split,
          minmay_misc_feat_room, grunt_ministairs_5, uniq_robin, uniq_jessica
D:3:      layout_basic, amcnicky_altar_gilded, uniq_ijyb,
          uniq_crazy_yiuf_cottage
D:4:      layout_basic, biasface_ghost_orc_armoury, dreamdust_wishing_well
D:5:      layout_basic, mainiacjoe_overflow_brackets, temple_doors_ab,
          serial_shops, nicolae_shop_advertising_works
          [nicolae_subvault_shop_adworks], minmay_misc_feat_hallway,
          minmay_misc_feat_tiny, minivault_19, uniq_duvessa, uniq_blork_the_orc
D:6:      layout_loops_ring, mainiacjoe_overflow_alcove_2,
          kennysheep_opposing_triangles
D:7:      layout_loops_corners, lemuel_mausoleum_altar_kikubaaqudgha
D:8:      layout_cave_pods, slow_altar_1, st_stairs_10
D:9:      layout_basic, nicolae_dithmenos_the_darkroom,
          grunt_temple_overflow_open, hiddenorc1_lemuel
D:10:     layout_rooms, mainiacjoe_overflow_concentric_impassable,
          mainiacjoe_overflow_surrounded_room, lair_entry_dummy, serial_shops,
          shop, nrook_mini_backslash, uniq_joseph
Lair:1:   layout_loops_ring, minmay_lair_oklob_items, serial_bayou_pond_d,
          lemuel_fruit_fields, uniq_amaemon
Lair:2:   layout_cave_pods, guppyfry_snake_entry_garden, gammafunk_ghost_grave,
          nicolae_lair_liquid_snakes, grunt_megastairs_5, lemuel_fruit_tree
Lair:3:   layout_concentric_octagons, mainiacjoe_shoals_entry_four_pools,
          dreamdust_gnoll_shepherd, uniq_gastronok
Lair:4:   layout_loops_ring, slime_entry_1
Lair:5:   due_jungle_book, layout_regular_city, lemuel_fruit_fields, uniq_kirke
Snake:1:  layout_grid_maze, uniq_aizul, uniq_mlioglotl, uniq_nikola,
          uniq_jorgrun
Snake:2:  layout_chambers, nicolae_snake_gridmaze_waves, grunt_megastairs_2
Snake:3:  layout_rooms
Snake:4:  snake_pit, layout_cave_town
Orc:1:    layout_diamond_mine
Orc:2:    st_orc_ogre_mass, layout_diamond_mine, enter_volcano_1

Skill      XL: |  1  2  3  4  5  6  7  8  9 10 11 12 13 14 15 16 |
---------------+-------------------------------------------------+-----
Axes           | 3 4 5 6 8 11 13 15 16 18 | 18.0
Fighting       | 4 5 6 7 8 10 | 10.0
Armour         | 2 6 9 10 13 14 | 14.0
Evocations     | 10 | 10.0
Shields        | 4 11 13 | 13.3
Dodging        | |  1.7

Action                     |  1- 3 |  4- 6 |  7- 9 | 10-12 | 13-15 | 16-18 || total
---------------------------+-------+-------+-------+-------+-------+-------++-------
  Melee: Hand axe          |   106 |   138 |     6 |       |       |       ||   250
         Punch             |       |     1 |     1 |     3 |     3 |       ||     8
         Broad axe         |       |       |   201 |   319 |   615 |   139 ||  1274
         Headbutt          |       |       |    43 |    67 |   147 |    25 ||   282
         War axe           |       |       |       |     8 |       |       ||     8
 Invoke: Berserk           |     2 |     5 |     2 |     7 |    12 |     1 ||    29
         Trog's Hand       |       |       |       |     1 |     1 |       ||     2
         Brothers in Arms  |       |       |       |     1 |       |       ||     1
    Use: Scroll            |       |       |    12 |     7 |     6 |     4 ||    29
   Stab: Sleeping          |     1 |       |       |       |       |       ||     1
 Armour: Scale mail        |    61 |    79 |    34 |       |   207 |    96 ||   477
         Animal skin       |     5 |       |       |       |       |       ||     5
         Ring mail         |       |       |   102 |   232 |   108 |       ||   442
         Chain mail        |       |       |       |       |    72 |       ||    72
  Dodge: Dodged            |    65 |    71 |    94 |   149 |   167 |    33 ||   579
  Block: Kite shield       |       |       |       |       |   114 |    70 ||   184
